 Dungeon Crawl Stone Soup version 0.26.1-11-gd32895ea62 (webtiles) character file.

Game seed: 14833035234667982737

13235 raph the Frost Mage (level 11, -2/62 HPs)
             Began as a Deep Elf Ice Elementalist on Apr 28, 2021.
             Was an Elder of Vehumet.
             Slain by a cane toad (12 damage)
             ... on level 1 of the Lair of Beasts.
             The game lasted 00:38:40 (17095 turns).

raph the Frost Mage (Deep Elf Ice Elementalist)    Turns: 17095, Time: 00:38:41

Health: -2/62      AC: 18    Str: 12    XL:     11   Next: 72%
Magic:  20/35      EV: 17    Int: 28    God:    Vehumet [****..]
Gold:   185        SH:  0    Dex: 17    Spells: 2/28 levels left

rFire    . . .     SeeInvis .   a - +3 rapier "Zuqabiuq" {vorpal, *Rage rPois Will+ Dex+4}
rCold    . . .     Faith    .   (no shield)
rNeg     . . .     Spirit   .   F - +0 leather armour of the Sparrow {Int+5 Dex-2}
rPois    +         Reflect  .   g - +1 helmet
rElec    .         Harm     .   l - +1 cloak {Stlth+}
rCorr    .         Rampage  .   x - +0 pair of gloves
Will     ++...     Rnd*Rage +   j - +1 pair of boots
Stlth    ++++......             H - amulet of the acrobat
HPRegen  0.20/turn              s - ring of magical power
MPRegen  0.24/turn              A - +6 ring of strength

@: icy armour, frozen ramparts, invisible
A: no striking features
a: Renounce Religion


You were on level 1 of the Lair of Beasts.
You worshipped Vehumet.
Vehumet was greatly pleased with you.
You visited 2 branches of the dungeon, and saw 12 of its levels.

You collected 648 gold pieces.
You spent 463 gold pieces at shops.

Inventory:

Hand Weapons
 a - the +3 rapier "Zuqabiuq" (weapon) {vorpal, *Rage rPois Will+ Dex+4}
   (You bought it in a shop on level 4 of the Dungeon)

   It inflicts extra damage upon your enemies.
   It affects your dexterity (+4).
   It protects you from poison.
   It affects your willpower, your defense against some magical effects.
   It may make you go berserk in combat.
 n - a +0 longbow
 u - a +0 short sword
 w - a +2 shortbow of freezing
Missiles
 v - 265 arrows
Armour
 g - a +1 helmet (worn)
 i - a +0 leather armour
 j - a +1 pair of boots (worn)
 l - a +1 cloak of stealth (worn)
 q - a +0 robe
 r - +0 acid dragon scales
 x - a +0 pair of gloves (worn)
 F - the +0 leather armour of the Sparrow (worn) {Int+5 Dex-2}
   (You bought it in a shop on level 8 of the Dungeon)

   It affects your intelligence (+5).
   It affects your dexterity (-2).
Magical Staves
 b - an uncursed staff of air
Jewellery
 s - a ring of magical power (left hand)
 A - a +6 ring of strength (right hand)
 H - an amulet of the acrobat (around neck)
 I - an uncursed ring of magical power
Wands
 e - a wand of acid (20)
 m - a wand of iceblast (25)
 B - a wand of polymorph (6)
 G - a wand of digging (6)
Scrolls
 c - 4 scrolls of immolation
 h - 3 scrolls of remove curse
 y - 2 scrolls of teleportation
 C - 2 scrolls of identify
Potions
 d - a potion of cancellation
 f - 2 potions of magic
 k - 2 potions of haste
 o - 2 potions of curing
 p - 3 potions of invisibility
 t - 2 potions of attraction
 z - 3 potions of lignification
 D - 2 potions of flight
 E - a potion of might
 J - 3 potions of brilliance


   Skills:
 + Level 4.8 Fighting
 + Level 6.1 Short Blades
 + Level 7.8 Dodging
 + Level 8.5 Stealth
 * Level 9.4 Spellcasting
 + Level 5.4 Conjurations
 - Level 7.1 Summonings
 + Level 10.9 Ice Magic
 * Level 2.8 Air Magic


You had 2 spell levels left.
You knew the following spells:

 Your Spells              Type           Power        Failure   Level
a - Freeze                Ice            100%         1%          1
b - Frozen Ramparts       Ice            100%         1%          3
c - Ozocubu's Armour      Ice            65%          1%          3
d - Summon Ice Beast      Ice/Summ       59%          1%          4
e - Airstrike             Air            14%          4%          4
f - Animate Skeleton      Necr           26%          5%          1
g - Searing Ray           Conj           86%          1%          2
h - Ozocubu's Refrigerat  Ice            32%          2%          6
i - Swiftness             Air            29%          2%          2

Your spell library contained the following spells:

 Spells                   Type           Power        Failure   Level
 Shock                    Conj/Air       100%         1%          1
 Summon Small Mammal      Summ           100%         1%          1
 Apportation              Tloc           26%          5%          1
 Corona                   Hex            14%          5%          1
 Pain                     Necr           52%          5%          1
 Static Discharge         Conj/Air       36%          1%          3
 Hailstorm                Conj/Ice       56%          1%          4
 Lightning Bolt           Conj/Air       18%          7%          5
 Vampiric Draining        Necr           6%           16%         3
 Animate Dead             Necr           6%           47%         4
 Agony                    Necr           13%          83%         5


Dungeon Overview and Level Annotations

Branches:
Dungeon (11/15)            Temple (0/1) D:5            Lair (1/6) D:11
    Orc (0/2) D:10

Altars:
Cheibriados
Dithmenos
Fedhas
Hepliaklqana
Makhleb
Okawaru
Qazlal
Ru
Trog
Vehumet
Xom
Yredelemnul
Zin

Shops:
D:4 ([(   D:5 (   D:8 [   D:9 *

Annotations:
D:10 1 runed translucent door


Message History

You hit the cane toad but do no damage.
The cane toad is moderately wounded.
The wall freezes the cane toad!
The cane toad stings you!
* * * LOW HITPOINT WARNING * * *
Unknown command.
Okay, then.
Okay, then.
You feel better.
The wall freezes the cane toad.
The cane toad seems to slow down.
The cane toad stings you!
* * * LOW HITPOINT WARNING * * *
Unknown command.
Casting: Ozocubu's Armour (safe; 1% risk of failure)
Confirm with . or Enter, or press ? or * to list all spells.
Okay, then.
Okay, then.
Okay, then.
You fade into invisibility!
The wall freezes the cane toad!
The cane toad seems to slow down.
The cane toad stings you!
You die...

........................
..........†.............
........................
........................
.............#.P##'##.#.
...F........#####.# #
..##...#.†...# #.#
.....#.##....#####.#
.......@F......≈...###
..#....##...≈≈≈≈≈≈..≈#
##... #..≈≈≈≈≈≈≈≈≈.##
#... #..≈≈≈≈≈≈≈≈≈..#
#..# #..≈≈≈≈.≈≈≈≈.## #.#
#..≈≈≈.<≈≈≈≈≈# ..
.F.≈≈≈≈≈≈≈≈≈≈# ...
...≈≈≈≈≈≈≈≈≈...
...≈≈≈≈≈≈≈≈≈....


You could see 2 cane toads.

Vanquished Creatures
  A hydra (D:11)
  2 two-headed ogres
  An unseen horror (D:10)
  An orc knight (D:11)
  A manticore (D:11)
  Joseph (D:7)
  A gargoyle (D:11)
  2 trolls (D:9)
  2 hornets (Lair:1)
  A wraith (D:11)
  2 wyverns
  A vampire (D:10)
  3 yaks (D:9)
  A soldier ant (D:9)
  An acid dragon (D:11)
  2 water moccasins
  3 ice beasts
  7 orc warriors
  2 sky beasts
  A necrophage (D:7)
  3 phantoms
  2 black bears
  3 ogres
  5 centaurs
  2 big kobolds
  8 bullfrogs
  A wyvern zombie (D:10)
  A water moccasin skeleton (D:10)
  A scorpion (D:5)
  6 wights
  6 killer bees (D:9)
  4 howler monkeys
  A crimson imp (D:8)
  2 bullfrog zombies
  4 hounds
  8 orc priests
  Crazy Yiuf (D:7)
  A centaur skeleton (D:11)
  15 orc wizards
  4 jellies
  A gnoll shaman (D:7)
  A bullfrog skeleton (D:9)
  6 iguanas
  13 worker ants
  A hound zombie (D:5)
  A spectral hound (D:10)
  2 hound skeletons
  A howler monkey zombie (D:10)
  5 gnolls (D:7)
  2 howler monkey skeletons
  A river rat (D:3)
  21 adders
  7 shadow imps
  An ufetubus (D:7)
  2 adder skeletons
  An adder zombie (D:5)
  5 worms
  4 leopard geckos
  49 orcs
  3 ball pythons
  7 giant cockroaches
  9 hobgoblins
  7 jackals
  2 quokkas
  7 bats
  3 frilled lizards
  4 goblins
  8 kobolds
  A quokka skeleton (D:4)
  3 rats
292 creatures vanquished.

Vanquished Creatures (collateral kills)
  A wolf spider (Lair:1)
  4 blink frogs (Lair:1)
  A basilisk (D:11)
  A wraith (D:10)
  Menkaure (D:5)
  A black bear (D:11)
  An ice beast (D:8)
  A phantom (D:6)
  An ogre (D:6)
  8 wights
  A centaur zombie (D:6)
  A bullfrog skeleton (D:10)
  4 adders
  An ufetubus (D:10)
  An orc (D:10)
  A quokka zombie (D:7)
29 creatures vanquished.

Vanquished Creatures (others)
  12 fungi
  30 plants (Lair:1)
42 creatures vanquished.

Grand Total: 363 creatures vanquished

Notes
Turn   | Place    | Note
-------+----------+-------------------------------------------
     0 | D:1      | raph the Deep Elf Ice Elementalist began the quest for the
                  | Orb.
     0 | D:1      | Reached XP level 1. HP: 10/10 MP: 6/6
   444 | D:1      | Reached XP level 2. HP: 15/15 MP: 6/8
   755 | D:1      | Reached skill level 5 in Ice Magic
  1338 | D:2      | Reached XP level 3. HP: 18/19 MP: 3/9
  1740 | D:2      | Reached skill level 6 in Ice Magic
  2510 | D:3      | Reached XP level 4. HP: 19/24 MP: 4/10
  2518 | D:3      | Learned a level 3 spell: Frozen Ramparts
  2522 | D:3      | Learned a level 3 spell: Ozocubu's Armour
  2613 | D:3      | Found a basalt altar of Yredelemnul.
  2648 | D:3      | Found an iron altar of Okawaru.
  2648 | D:3      | Found a radiant altar of Vehumet.
  2655 | D:3      | Became a worshipper of Vehumet
  3506 | D:3      | Reached skill level 7 in Ice Magic
  3506 | D:3      | Reached XP level 5. HP: 28/28 MP: 7/11
  3623 | D:4      | Found Moibap's Armour Emporium.
  3934 | D:4      | Reached skill level 8 in Ice Magic
  3934 | D:4      | Reached XP level 6. HP: 16/32 MP: 9/12
  4214 | D:4      | Found Roif's Antique Weapon Shop.
  4309 | D:4      | Learned a level 4 spell: Summon Ice Beast
  4318 | D:4      | Found an iron altar of Okawaru.
  4757 | D:4      | Bought a translucent rapier for 225 gold pieces
  4757 | D:4      | Identified the +3 rapier "Zuqabiuq" {vorpal, *Rage rPois
                  | Will+ Dex+4} (You bought it in a shop on level 4 of the
                  | Dungeon)
  4804 | D:4      | Found Rumadoj's Antique Weapon Emporium.
  4851 | D:4      | Reached * piety under Vehumet
  4851 | D:4      | Offered knowledge of Shock by Vehumet.
  4852 | D:4      | Reached skill level 1 in Summonings
  5388 | D:5      | Entered Level 5 of the Dungeon
  5388 | D:5      | Found Nufu's Antique Weapon Boutique.
  5421 | D:5      | Reached XP level 7. HP: 36/36 MP: 13/13
  6039 | D:4      | Bought a +0 pair of gloves for 49 gold pieces
  6440 | D:5      | Reached skill level 1 in Short Blades
  6849 | D:5      | Found a staircase to the Ecumenical Temple.
  6983 | D:5      | Noticed Menkaure
  6989 | D:5      | HP: 1/37 [Menkaure/nerve-wracking pain (10)]
  6993 | D:5      | Killed Menkaure
  6994 | D:5      | Reached skill level 1 in Fighting
  7290 | D:5      | Learned a level 1 spell: Shock
  7348 | D:6      | Reached skill level 9 in Ice Magic
  7422 | D:6      | Reached XP level 8. HP: 40/43 MP: 15/15
  7578 | D:6      | Offered knowledge of Sandblast by Vehumet.
  7707 | D:6      | Found a stormy altar of Qazlal.
  7713 | D:6      | Reached ** piety under Vehumet
  7769 | D:6      | Reached skill level 5 in Summonings
  7976 | D:6      | Reached skill level 5 in Spellcasting
  8165 | D:6      | Found a shadowy altar of Dithmenos.
  8175 | D:6      | Learned a level 1 spell: Animate Skeleton
  8216 | D:6      | Found a snail-covered altar of Cheibriados.
  8216 | D:6      | Found a hazy altar of Hepliaklqana.
  8567 | D:6      | Reached XP level 9. HP: 39/48 MP: 18/18
  9018 | D:6      | Found a shimmering altar of Xom.
  9019 | D:6      | Found a sacrificial altar of Ru.
  9028 | D:6      | Offered knowledge of Searing Ray by Vehumet.
  9033 | D:6      | Learned a level 2 spell: Searing Ray
  9165 | D:7      | Reached skill level 5 in Stealth
  9476 | D:7      | Learned a level 4 spell: Hailstorm
  9548 | D:7      | Found a runed translucent door.
  9549 | D:7      | Noticed Crazy Yiuf
  9555 | D:7      | Killed Crazy Yiuf
  9739 | D:7      | Reached *** piety under Vehumet
  9740 | D:7      | Reached skill level 1 in Conjurations
  9756 | D:7      | Reached skill level 5 in Dodging
 10560 | D:7      | Noticed Joseph
 10568 | D:7      | HP: 1/50 [Joseph/+0 quarterstaff (11)]
 10572 | D:7      | Killed Joseph
 11231 | D:8      | Offered knowledge of Conjure Flame by Vehumet.
 11384 | D:8      | Found Yclaon's Antique Armour Shop.
 11566 | D:8      | Reached XP level 10. HP: 56/56 MP: 21/21
 11679 | D:8      | Bought a bloodstained leather armour for 189 gold pieces
 11696 | D:8      | Identified the +0 leather armour of the Sparrow {Int+5
                  | Dex-2} (You bought it in a shop on level 8 of the Dungeon)
 11722 | D:8      | Noticed a two-headed ogre
 11730 | D:8      | Killed a two-headed ogre
 11731 | D:8      | Reached skill level 10 in Ice Magic
 12128 | D:8      | Found a burning altar of Makhleb.
 12308 | D:8      | Found a bloodstained altar of Trog.
 12593 | D:9      | Learned a level 2 spell: Swiftness
 12756 | D:9      | Found a blossoming altar of Fedhas.
 12829 | D:9      | Found Iteid's General Store.
 12848 | D:9      | Reached **** piety under Vehumet
 12980 | D:9      | Reached skill level 5 in Short Blades
 12982 | D:9      | Offered knowledge of Sticky Flame by Vehumet.
 13483 | D:9      | Found a sacrificial altar of Ru.
 13731 | D:10     | Entered Level 10 of the Dungeon
 13731 | D:10     | Noticed a two-headed ogre
 14122 | D:10     | Learned a level 4 spell: Airstrike
 14287 | D:10     | Reached XP level 11. HP: 50/61 MP: 24/24
 14379 | D:10     | Killed a two-headed ogre
 14575 | D:10     | Reached ***** piety under Vehumet
 14575 | D:10     | Offered knowledge of Ozocubu's Refrigeration by Vehumet.
 14855 | D:10     | Learned a level 6 spell: Ozocubu's Refrigeration
 14861 | D:10     | Found a runed translucent door.
 14909 | D:10     | Noticed a fire crab
 14953 | D:10     | Killed an unseen horror
 15068 | D:10     | Found a staircase to the Orcish Mines.
 15409 | D:11     | Reached skill level 1 in Air Magic
 15441 | D:11     | Noticed an orc knight
 15454 | D:11     | Killed an orc knight
 15635 | D:11     | Found a staircase to the Lair.
 15650 | D:11     | Reached skill level 5 in Conjurations
 15665 | D:11     | Noticed a four-headed hydra
 15669 | D:11     | Killed a four-headed hydra
 15968 | D:11     | Found a glowing silver altar of Zin.
 16189 | D:11     | Noticed a death knight
 16212 | D:11     | Noticed a phantasmal warrior
 16837 | Lair:1   | Entered Level 1 of the Lair of Beasts
 17003 | Lair:1   | Noticed a wolf spider
 17013 | Lair:1   | Killed a wolf spider
 17095 | Lair:1   | Slain by a cane toad

Illustrated notes

Levels and vault maps discovered:
D:1:      zelgadis_glass_arrival_large, layout_basic, chequers_big_river,
          amcnicky_mini_corridor_feature
D:2:      layout_rooms, chequers_serial_rivers_micro_b
D:3:      layout_basic, old_standard_altar, gammafunk_temple_overflow_pools,
          cheibrodos_sewer_entry_sluice, kennysheep_generic_room_2
D:4:      layout_basic, serial_shops, shop_statue, shop, shop,
          okawaru_gym_becter
D:5:      layout_gridville, minmay_temple_entry_poolview, serial_shops,
          nicolae_shop_crystal, uniq_menkaure
D:6:      cheibrodos_barr_body, layout_loops_cross,
          chequers_temple_overflow_statue_of_worship, marbit_many_paths,
          nicolae_dithmenos_through_a_glass_darkly,
          amethyst_overflow_temple_binary
D:7:      minmay_s_stair_smasher, layout_basic, uniq_crazy_yiuf_cottage,
          uniq_joseph
D:8:      layout_basic, makhleb_grotto_becter, bloody_trog, serial_shops,
          nicolae_shop_trees, kennysheep_generic_room_11
D:9:      layout_loops_ring, general_overflow_altar, serial_shops, shop,
          nicolae_ru_sacrificial_ziggurat
D:10:     gammafunk_mikee_crab_dinner, layout_gridville, david_orc_2, hex_large,
          hangedman_weighted_door
D:11:     layout_irregular_city, david_lair_generic, basic_altar,
          lightli_elemental_guards
Lair:1:   minmay_lair_venomous_thicket, layout_regular_city, minmay_holes,
          infiniplex_staircase_pool_2

Skill      XL: |  1  2  3  4  5  6  7  8  9 10 11 |
---------------+----------------------------------+-----
Ice Magic      | 5 6 7 8 9 10 | 10.9
Summonings     | 2 4 5 7 |  7.1
Short Blades   | 1 3 4 5 6 |  6.1
Stealth        | 3 4 6 7 8 |  8.5
Fighting       | 1 2 3 4 |  4.8
Dodging        | 3 4 5 7 |  7.8
Spellcasting   | 5 6 7 9 |  9.4
Conjurations   | 2 4 5 |  5.4
Air Magic      | 2 |  2.8

Action                   |  1- 3 |  4- 6 |  7- 9 | 10-12 || total
-------------------------+-------+-------+-------+-------++-------
Melee: Short sword       |    46 |    34 |       |       ||    80
       Rapier            |       |    21 |   177 |   150 ||   348
       Staff             |       |       |       |     1 ||     1
 Fire: Shortbow          |       |       |     6 |     3 ||     9
 Cast: Freeze            |    44 |    18 |     2 |       ||    64
       Frozen Ramparts   |       |    15 |    32 |    34 ||    81
       Summon Ice Beast  |       |     2 |    25 |    29 ||    56
       Ozocubu's Armour  |       |       |     6 |    16 ||    22
       Animate Skeleton  |       |       |     1 |     6 ||     7
       Shock             |       |       |     1 |       ||     1
       Searing Ray       |       |       |     9 |    16 ||    25
       Hailstorm         |       |       |     1 |       ||     1
       Airstrike         |       |       |       |    36 ||    36
       Ozocubu's Refrige |       |       |       |     3 ||     3
       Swiftness         |       |       |       |     1 ||     1
  Use: Scroll            |     6 |     5 |     7 |     9 ||    27
       Potion            |       |       |     3 |     2 ||     5
 Stab: Sleeping          |     2 |     3 |    14 |    10 ||    29
Armor: Robe              |     1 |       |       |       ||     1
       Leather armour    |    24 |    12 |    75 |    41 ||   152
Dodge: Dodged            |    47 |    50 |   130 |   159 ||   386
